AoeStats
← Warcanoe

Arabia

505196744Analyzed
1v1 RM · 24d ago on Sep 8, 2026· 99m 12s· 2 players
Game mode
Random Map
Map size
Tiny (2 player)
Population
200
Speed
Normal
Resources
Standard
Victory
Conquest
Starting age
Dark Age
Ending age
Imperial Age
RankedLock teamsTeams togetherTeam positionsShared explorationLock speedFull tech treeHidden civsTurbo modeCheats
Victory
Defeat
🇩🇪 Persians · Germany
871
+27
🇨🇭 Malians · Switzerland
881
-16
King of Persia
0:27 Loom
10:53 Feudal Age
12:05 Wheelbarrow
11:19 Double-Bit Axe
17:33 Town Watch
19:55 Forging
19:50 Horse Collar
20:02 Gold Mining
20:03 Stone Mining
24:42 Castle Age
23:43 Scale Barding Armor
23:49 Forging
23:54 Bloodlines
25:33 Hand Cart
26:06 Husbandry
26:28 Chain Barding Armor
26:44 Iron Casting
25:52 Crossbowman
26:55 Fletching
27:06 Padded Archer Armor
30:57 Pikeman
32:01 Scale Mail Armor
33:58 Murder Holes
35:15 Chain Mail Armor
34:56 Bodkin Arrow
35:17 Leather Archer Armor
36:43 Kamandaran
37:05 Ballistics
37:48 Bow Saw
39:34 Thumb Ring
47:19 Imperial Age
49:18 Chemistry
48:30 Masonry
49:23 Ring Archer Armor
50:44 Conscription
50:54 Conscription
54:03 Two-Man Saw
53:06 Heavy Plow
57:14 Architecture
57:01 Citadels
57:26 Hoardings
57:32 Plate Barding Armor
58:30 Crop Rotation
63:38 Blast Furnace
63:08 Plate Mail Armor
63:44 Cavalier
66:26 Savar
71:18 Gold Shaft Mining
76:52 Light Cavalry
80:53 Town Patrol
85:27 Hussar
Warcanoe
2:30 Loom
10:10 Feudal Age
10:49 Man-at-Arms
13:18 Double-Bit Axe
17:28 Horse Collar
18:19 Forging
22:55 Castle Age
21:36 Bloodlines
21:37 Gold Mining
22:21 Stone Mining
22:58 Fletching
23:47 Scale Barding Armor
26:00 Bow Saw
28:45 Wheelbarrow
29:43 Iron Casting
33:22 Padded Archer Armor
36:05 Bodkin Arrow
36:31 Chain Barding Armor
40:57 Imperial Age
40:51 Murder Holes
41:32 Husbandry
41:15 Heavy Camel Rider
44:22 Farimba
45:34 Heavy Plow
45:32 Cavalier
47:32 Ballistics
48:13 Chemistry
53:00 Gold Shaft Mining
55:43 Husbandry
56:18 Elite Skirmisher
57:07 Thumb Ring
57:20 Leather Archer Armor
59:15 Ring Archer Armor
59:21 Plate Barding Armor
63:21 Onager
68:00 Hand Cart
67:31 Town Watch
70:15 Stone Shaft Mining
74:33 Sappers
75:05 Tigui
82:57 Light Cavalry
91:00 Crop Rotation
91:26 Town Patrol
92:41 Conscription
Connection lost

Rejoining the realm…

Still unreachable

The connection could not be restored.

Session expired

The server has moved on; the page needs a fresh start.